 Dungeon Crawl Stone Soup version 0.18-a0-1655-ge2d8d33 (webtiles) character file.

372 Geomchi the Caller (level 6, -1/32 HPs)
             Began as a Tengu Summoner on Mar 31, 2016.
             Slain by an orc
             ... wielding a +0 club
              (2 damage)
             ... on level 4 of the Dungeon.
             The game lasted 00:08:54 (4923 turns).

Geomchi the Caller (Tengu Summoner)                 Turns: 4923, Time: 00:08:55

Health: -1/32      AC:  2    Str:  9    XL:     6   Next: 71%
Magic:  4/13       EV:  7    Int: 17    God:
Gold:   149        SH:  0    Dex: 14    Spells: 4 memorised, 3 levels left

rFire  . . .     SeeInvis +     d - +0 dagger
rCold  . . .     Gourm    .     a - +0 robe
rNeg   . . .     Faith    .     (no shield)
rPois  .         Spirit   .     (helmet restricted)
rElec  .         Dismiss  .     (no cloak)
rCorr  .         Reflect  .     (no gloves)
SustAt .         Harm     .     (boots unavailable)
MR     .....                    (no amulet)
Stlth  ++........               (no ring)
                                l - ring of see invisible

@: lethally poisoned (-1 -> -6), not resistant to hostile enchantments,
unstealthy
A: beak, talons 3, able to fly 1
a: Fly


You were on level 4 of the Dungeon.
You were not hungry.

You visited 1 branch of the dungeon, and saw 4 of its levels.

You collected 149 gold pieces.

Inventory:

Hand Weapons
 d - a +0 dagger (weapon)
Armour
 a - a +0 robe (worn)
Jewellery
 l - a ring of see invisible (left hand)
Scrolls
 e - a scroll of immolation {unknown}
 f - 5 scrolls of identify {unknown}
 g - a scroll of blinking {unknown}
 h - a scroll of teleportation {unknown}
 k - a scroll of fog {unknown}
 m - 2 scrolls of magic mapping {unknown}
 n - 3 scrolls of remove curse {unknown}
Potions
 i - a potion of agility {unknown}
 j - a potion of cancellation {unknown}
 p - a potion of mutation {unknown}
Books
 b - a book of Callings

   Spells                             Type                      Level
   a - Summon Small Mammal            Summoning                    1
   b - Call Imp                       Summoning                    2
   c - Call Canine Familiar           Summoning                    3
   d - Summon Guardian Golem          Hexes/Summoning              3
   e - Summon Lightning Spire         Summoning/Air                4
   f - Summon Ice Beast               Ice/Summoning                4
Comestibles
 c - 2 bread rations {@e1}
 o - 2 slices of pizza
 q - 2 fruits
 r - 2 chunks of flesh {@w0}


   Skills:
 - Level 2.1 Dodging
 - Level 2.0 Stealth
 - Level 4.0 Spellcasting
 + Level 7.6 Summonings
 + Level 1.5 Ice Magic


You had 3 spell levels left.
You knew the following spells:

 Your Spells              Type           Power        Failure   Level  Hunger
a - Summon Small Mammal   Summ           ####         1%          1    None
b - Call Imp              Summ           ####....     1%          2    ##.....
c - Call Canine Familiar  Summ           ####....     1%          3    ###....
d - Summon Ice Beast      Ice/Summ       ###.....     24%         4    ####...


Dungeon Overview and Level Annotations

Branches:
Dungeon (4/15)
 Temple: D:4-7

Altars:

Shops:
D:4 (


Innate Abilities, Weirdness & Mutations

You have a beak for a mouth.
You have claws for feet.
You can fly.


Message History

A worker ant comes into view.
The worker ant twitches its antennae in your direction.
Your ice beast completely misses the orc priest.
The orc priest hits your ice beast with a club.
Your crimson imp barely misses the orc priest.
Something barely misses your crimson imp.
Found 8 poisoned needles.
Your ice beast barely misses the orc priest.
The orc priest barely misses your ice beast.
Found 2 potions of curing.
Found 13 gold pieces.
There is an escape hatch in the ceiling here.
The worker ant bites you!
* * * LOW HITPOINT WARNING * * *
You are lethally poisoned!
The worker ant poisons you!
Your ice beast hits the orc priest.
Your ice beast freezes the orc priest!
The orc priest dies!
The orc hits you with a club.
You die...

#..# #..# ###
#..#### .. ....$
.##.( .... .....
#..# ..s...#..#
...!..#@.# #
...$..ao## .# ..
......#.###.#.#
.##..##.......#
.............#.#
...####h#.####
?.Z #Y....∩# .o.
#)####.# .. #.#
#


You could see a worker ant, an orc, a friendly ice beast and a friendly hound.

Vanquished Creatures
  2 bats
  A kobold (D:1)
  2 rats
5 creatures vanquished.

Vanquished Creatures (collateral kills)
  Grinder (D:3)
  Sigmund (D:2)
  A quasit (D:3)
  An orc priest (D:4)
  Ijyb (D:3)
  Natasha (thrice) (D:2)
  An orc wizard (D:4)
  Terence (D:2)
  4 adders
  2 oozes
  5 worms
  A dart slug (D:1)
  2 giant geckos
  5 orcs
  7 bats
  3 giant cockroaches
  8 goblins
  6 hobgoblins
  5 jackals
  A quokka (D:3)
  5 giant newts
  5 kobolds
  10 rats
79 creatures vanquished.

Grand Total: 84 creatures vanquished

Notes
Turn   | Place    | Note
--------------------------------------------------------------
     0 | D:1      | Geomchi the Tengu Summoner began the quest for the Orb.
     0 | D:1      | Reached XP level 1. HP: 10/10 MP: 4/4
    46 | D:1      | Reached skill level 5 in Summonings
   199 | D:1      | Reached XP level 2. HP: 15/15 MP: 1/6
   203 | D:1      | Learned a level 2 spell: Call Imp
  1711 | D:1      | Reached XP level 3. HP: 17/19 MP: 8/8
  1897 | D:2      | Noticed Natasha
  1917 | D:2      | Killed Natasha
  1950 | D:2      | Learned a level 3 spell: Call Canine Familiar
  1995 | D:2      | Noticed Natasha
  2008 | D:2      | Killed Natasha
  2008 | D:2      | Reached XP level 4. HP: 24/24 MP: 3/9
  2135 | D:2      | Noticed Natasha
  2146 | D:2      | Killed Natasha
  2251 | D:2      | Noticed Sigmund
  2765 | D:2      | Killed Sigmund
  2765 | D:2      | Reached skill level 6 in Summonings
  2765 | D:2      | Gained mutation: You can fly. [Tengu growth]
  2765 | D:2      | Reached XP level 5. HP: 28/28 MP: 4/11
  3659 | D:2      | Noticed Terence
  3683 | D:2      | Killed Terence
  4076 | D:3      | Noticed Ijyb
  4087 | D:3      | Killed Ijyb
  4222 | D:3      | Reached skill level 7 in Summonings
  4229 | D:3      | Reached XP level 6. HP: 26/32 MP: 9/13
  4235 | D:3      | Learned a level 4 spell: Summon Ice Beast
  4409 | D:3      | Noticed Grinder
  4411 | D:3      | Paralysed by Grinder for 2 turns
  4436 | D:3      | Killed Grinder
  4436 | D:3      | Reached skill level 1 in Ice Magic
  4915 | D:4      | Found Syroh's Antique Weapon Shoppe.
  4923 | D:4      | HP: 1/32 [worker ant (8)]
  4923 | D:4      | Slain by an orc

Vault maps used:
D:1:      dpeg_arrival_subterranean_lakeside_camping, supply_closet_lemuel
D:2:      uniq_sigmund, uniq_terence, uniq_natasha
D:3:      uniq_grinder, uniq_iyjb
D:4:      minmay_temple_entry_statues_pillars, serial_shops,
          nicolae_shop_crystal, shop, shop_coins, shop, nrook_mini_vaults

Skill      XL: |  1  2  3  4  5  6 |
---------------+-------------------+-----
Summonings     | 5 6 7 |  7.6
Spellcasting   | 3 4 |  4.0
Ice Magic      | 1 |  1.5
Dodging        | |  2.1
Stealth        | |  2.0

Action                   |  1- 3 |  4- 6 || total
-------------------------+-------+-------++-------
Melee: Dagger            |    12 |     9 ||    21
 Cast: Summon Small Mamm |    55 |    45 ||   100
       Call Imp          |    20 |    44 ||    64
       Call Canine Famil |     2 |    16 ||    18
       Summon Ice Beast  |       |     2 ||     2
  Eat: Chunk             |     4 |     7 ||    11
       Meat ration       |       |     1 ||     1
       Beef jerky        |       |     1 ||     1
